AoeStats
← Galactimus

Arabia

507278311Analyzed
1v1 RM · 15d ago on Sep 17, 2026· 54m 3s· 2 players
Game mode
Random Map
Map size
Tiny (2 player)
Population
200
Speed
Normal
Resources
Standard
Victory
Conquest
Starting age
Dark Age
Ending age
Imperial Age
RankedLock teamsTeams togetherTeam positionsShared explorationLock speedFull tech treeHidden civsTurbo modeCheats
Victory
Defeat
🇺🇸 Byzantines · United States
809
+15
🇲🇽 Bengalis · Mexico
780
-15
arslan_osa
3:12 Loom
11:24 Feudal Age
11:30 Man-at-Arms
12:19 Double-Bit Axe
16:13 Wheelbarrow
18:04 Padded Archer Armor
19:06 Fletching
23:54 Castle Age
22:03 Stone Mining
23:04 Forging
22:58 Horse Collar
24:24 Scale Barding Armor
24:24 Crossbowman
25:42 Hand Cart
26:32 Thumb Ring
27:58 Elite Skirmisher
29:00 Bow Saw
29:29 Heavy Plow
29:34 Husbandry
40:31 Imperial Age
41:49 Bodkin Arrow
42:10 Leather Archer Armor
41:56 Scale Mail Armor
44:18 Conscription
44:42 Bracer
45:13 Ring Archer Armor
44:22 Pikeman
45:02 Squires
44:48 Arson
46:07 Ballistics
46:47 Chemistry
46:14 Halberdier
47:40 Scale Mail Armor
48:17 Iron Casting
49:45 Gold Mining
50:57 Chain Mail Armor
51:03 Chain Barding Armor
50:19 Light Cavalry
Galactimus
1:51 Loom
11:20 Feudal Age
12:58 Man-at-Arms
16:43 Arson
19:14 Fletching
25:25 Castle Age
25:32 Double-Bit Axe
26:31 Elite Skirmisher
26:42 Pikeman
29:05 Town Watch
30:05 Horse Collar
31:58 Redemption
32:06 Gambesons
35:42 Wheelbarrow
38:06 Husbandry
41:19 Hand Cart
41:09 Squires
41:23 Bloodlines
41:09 Bodkin Arrow
41:15 Padded Archer Armor
41:45 Ballistics
42:18 Town Patrol
45:26 Light Cavalry
46:53 Gold Mining
47:26 Forging
48:00 Leather Archer Armor
48:00 Bow Saw
50:51 Imperial Age
52:27 Elite Ratha (Ranged)
52:47 Long Swordsman
53:52 Two-Handed Swordsman
Connection lost

Rejoining the realm…

Still unreachable

The connection could not be restored.

Session expired

The server has moved on; the page needs a fresh start.